Map: 2000 Atmospheres LE

Players

MCanning - Winner!

  • Race: Protoss Protoss
  • League: Grandmaster

Maplez

  • Race: Protoss Protoss
  • League: Grandmaster

VOD

Have the link to the VOD?

Description

Time

  • Played on: March 10, 2022, 3:12 a.m.
  • Length: 9:53
Show
View Real Time Build Order
Export as new Build Order

MCanning Protoss - Winner!

Build Orders: Dark Templar Rush 

Get SALT Encoding   

  12  0:00  Probe  
  13  0:12  Probe  
  14  0:17  Pylon  
  14  0:24  Probe  
  15  0:36  Probe (Chrono Boost)  
  15  0:37  Gateway  
  16  0:47  Probe (Chrono Boost), Assimilator  
  17  0:52  Probe (Chrono Boost)  
  17  0:56  Assimilator  
  18  1:03  Probe  
  19  1:09  Gateway  
  19  1:15  Probe  
  20  1:26  Cybernetics Core  
  20  1:28  Probe  
  21  1:37  Pylon  
  21  1:40  Probe  
  22  1:50  Pylon  
  22  1:52  Probe  
  23  2:05  Stalker (Chrono Boost)  
  23  2:07  Pylon  
  23  2:08  Stalker (Chrono Boost)  
  25  2:11  Warp Gate  
  28  2:15  Probe  
  28  2:26  Sentry (Chrono Boost)  
  28  2:29  Pylon  
  30  2:47  Nexus  
  30  2:50  Sentry  
  32  3:00  Twilight Council  
  32  3:04  Probe (Chrono Boost)  
  33  3:10  Pylon  
  33  3:17  Probe (Chrono Boost)  
  33  3:19  Sentry  
  36  3:24  Probe (Chrono Boost)  
  37  3:31  Probe  
  37  3:33  Stalker x2  
  38  3:43  Probe  
  38  3:46  Dark Shrine  
  39  3:55  Probe  
  40  4:03  Gateway  
  40  4:08  Probe (Chrono Boost), Shield Battery  
  40  4:09  Probe (Chrono Boost)  
  42  4:12  Stalker  
  42  4:16  Blink (Chrono Boost)  
  44  4:19  Probe (Chrono Boost)  
  44  4:20  Probe (Chrono Boost)  
  46  4:25  Probe (Chrono Boost)  
  46  4:26  Stalker  
  46  4:29  Probe  
  50  4:33  Probe  
  50  4:34  Stalker x2  
  51  4:39  Pylon  
  51  4:41  Probe  
  52  4:45  Probe  
  52  4:47  Assimilator  
  53  4:53  Probe  
  53  4:55  Pylon  
  53  4:58  Probe, Dark Templar  
  57  5:05  Probe  
  58  5:10  Probe  
  58  5:11  Dark Templar  
  61  5:20  Probe  
  58  5:22  Probe  
  58  5:27  Dark Templar  
  61  5:32  Probe  
  61  5:33  Assimilator  
  61  5:34  Probe  
  63  5:40  Nexus  
  63  5:44  Probe  
  63  5:46  Probe  
  63  5:48  Dark Templar  
  65  5:54  Pylon  
  65  5:56  Probe (Chrono Boost)  
  64  5:59  Probe (Chrono Boost)  
  65  6:08  Probe (Chrono Boost)  
  65  6:09  Forge  
  65  6:16  Probe (Chrono Boost), Charge (Chrono Boost)  
  65  6:17  Probe (Chrono Boost), Gateway  
  66  6:20  Gateway  
  66  6:22  Probe x2  
  66  6:24  Stalker  
  66  6:25  Stalker  
  70  6:34  Probe x2  
  70  6:38  Robotics Facility  
  72  6:41  Shield Battery  
  72  6:46  Protoss Ground Weapons Level 1 (Chrono Boost), Probe, Photon Cannon  
  73  6:56  Stalker, Pylon  
  73  6:59  Probe x2  
  77  7:04  Photon Cannon  
  77  7:15  Stalker x3  
  83  7:17  Probe  
  83  7:19  Probe  
  87  7:33  Templar Archives  
  87  7:36  Stalker  
  87  7:40  Probe  
  87  7:43  Probe  
  89  7:44  Pylon  
  89  7:46  Pylon  
  89  7:47  Probe  
  89  7:50  Photon Cannon  
  90  7:52  Probe  
  90  7:55  Probe, Gateway  
  90  7:56  Assimilator, Gateway  
  89  8:06  Stalker x4  
  97  8:14  Observer (Chrono Boost)  
  97  8:17  Stalker  
  98  8:27  Immortal (Chrono Boost)  
  98  8:28  Pylon  
  100  8:41  Stalker x5  
  102  8:43  Probe  
  103  8:57  Dark Templar  
  103  8:58  Nexus  
  103  8:59  Dark Templar, Pylon  
  107  9:06  Probe  
  107  9:08  Gateway  
  108  9:10  Gateway  
  97  9:17  Zealot  
  97  9:18  Zealot x4  
  97  9:24  Probe  
  108  9:30  High Templar  
  106  9:31  Probe  
  106  9:37  High Templar  
  106  9:38  Probe, Zealot x2  
  111  9:40  Probe  
Show
View Real Time Build Order
Export as new Build Order

Maplez Protoss 

Build Orders: Oracle Opening 

Get SALT Encoding   

  12  0:00  Probe  
  13  0:12  Probe  
  14  0:18  Pylon  
  14  0:24  Probe  
  15  0:36  Probe (Chrono Boost)  
  15  0:38  Gateway  
  16  0:46  Probe (Chrono Boost)  
  16  0:47  Assimilator  
  17  0:51  Probe (Chrono Boost)  
  17  0:56  Assimilator  
  18  1:03  Probe (Chrono Boost)  
  19  1:07  Pylon  
  19  1:14  Probe (Chrono Boost)  
  20  1:18  Probe (Chrono Boost)  
  21  1:27  Cybernetics Core  
  21  1:30  Probe  
  21  1:32  Zealot  
  24  1:42  Probe  
  25  1:54  Probe  
  26  2:02  Stalker (Chrono Boost)  
  26  2:07  Probe  
  29  2:09  Stargate  
  29  2:14  Pylon  
  29  2:18  Warp Gate  
  29  2:24  Shield Battery  
  29  2:32  Stalker  
  29  2:34  Probe  
  31  2:56  Nexus  
  31  3:00  Probe  
  31  3:03  Oracle (Chrono Boost)  
  35  3:12  Probe  
  36  3:24  Probe  
  36  3:25  Pylon  
  37  3:36  Probe  
  38  3:43  Oracle  
  39  3:50  Probe, Gateway  
  40  4:01  Twilight Council  
  41  4:05  Probe (Chrono Boost)  
  41  4:09  Sentry  
  44  4:10  Probe (Chrono Boost)  
  45  4:19  Probe x2 (Chrono Boost)  
  45  4:22  Forge  
  46  4:27  Probe x2 (Chrono Boost)  
  48  4:33  Stalker  
  48  4:35  Blink (Chrono Boost)  
  48  4:38  Probe (Chrono Boost)  
  52  4:40  Probe (Chrono Boost), Assimilator  
  52  4:42  Probe (Chrono Boost)  
  53  4:48  Probe  
  54  4:53  Probe  
  54  4:54  Stalker  
  57  5:00  Probe  
  57  5:05  Protoss Ground Weapons Level 1, Probe  
  57  5:06  Pylon  
  59  5:12  Probe  
  60  5:17  Probe  
  61  5:24  Probe  
  61  5:27  Gateway  
  62  5:31  Gateway  
  62  5:35  Stalker x2  
  63  5:40  Probe  
  60  5:43  Probe  
  59  5:52  Probe  
  59  5:56  Probe  
  56  6:12  Robotics Facility  
  56  6:18  Probe  
  56  6:27  Stalker x3  
  56  6:29  Probe (Chrono Boost)  
  56  6:31  Probe (Chrono Boost)  
  65  6:41  Probe (Chrono Boost)  
  65  6:42  Probe (Chrono Boost)  
  66  6:49  Probe (Chrono Boost)  
  66  6:51  Probe  
  68  6:55  Nexus  
  68  6:58  Pylon  
  68  7:04  Observer  
  68  7:08  Gateway x2  
  69  7:09  Probe  
  70  7:16  Probe, Charge (Chrono Boost)  
  70  7:21  Probe, Shield Battery  
  70  7:22  Protoss Ground Weapons Level 2 (Chrono Boost)  
  72  7:28  Probe  
  73  7:33  Probe  
  74  7:41  Stalker x2  
  78  7:46  Probe  
  78  7:47  Probe  
  78  8:04  Pylon  
  78  8:07  Probe x2  
  78  8:08  Templar Archives  
  78  8:11  Pylon  
  80  8:19  Probe x2, Gateway  
  82  8:21  Pylon  
  82  8:22  Gateway  
  82  8:24  Stalker x3  
  82  8:25  Stalker  
  87  8:31  Probe  
  86  8:37  Stalker x2  
  86  8:41  Probe x2  
  89  8:44  Assimilator  
  89  8:45  Pylon  
  89  8:49  Assimilator, Warp Prism (Chrono Boost)  
  91  9:03  High Templar x2, Zealot  
  91  9:04  Zealot x3  
  91  9:18  Archon  
  91  9:19  Zealot  
  91  9:20  Zealot  
  93  9:25  Zealot x4  
  90  9:42  Zealot x4  
Tags
 
Add a new tag
Caveats
  • Supply blocks, unpowered buildings, or Contaminate may cause inaccurate times.
  • Supply counts are checked every 10 seconds.